 Dungeon Crawl Stone Soup version 0.20-a0-1062-g7b787ac (webtiles) character file.

2 Goblin1989 the Sneak (level 1, 0/10 HPs)
             Began as a Spriggan Assassin on Apr 27, 2017.
             Slain by a bat (1 damage)
             ... on level 1 of the Dungeon.
             The game lasted 00:01:16 (434 turns).

Goblin1989 the Sneak (Spriggan Assassin)             Turns: 434, Time: 00:01:17

Health: 0/10       AC:  3    Str:  7    XL:     1   Next: 33%
Magic:  2/2        EV: 17    Int: 12    God:
Gold:   43         SH:  0    Dex: 17    Spells: 0/0 levels left

rFire    . . .     SeeInvis +   a - +2 dagger
rCold    . . .     Gourm    .   (shield restricted)
rNeg     . . .     Faith    .   c - +0 robe
rPois    .         Spirit   .   (helmet restricted)
rElec    .         Reflect  .   d - +0 cloak
rCorr    .         Harm     .   (gloves unavailable)
MR       .....                  (boots unavailable)
Stlth    +++.......             (no amulet)
Regen    0.1/turn               (no ring)
MPRegen  0.1/turn               (no ring)

@: very quick
A: unfitting armour, see invisible, herbivore 3, speed 3, slow metabolism 2
a: no special abilities


You were on level 1 of the Dungeon.
You were not hungry.

You visited 1 branch of the dungeon, and saw 1 of its levels.

You collected 43 gold pieces.

Inventory:

Hand Weapons
 a - a +2 dagger (weapon)
 b - a +0 spear
 w - a +0 blowgun {@w1}
Missiles
 f - 2 curare-tipped needles
 g - 8 poisoned needles
Armour
 c - a +0 robe (worn)
 d - a +0 cloak (worn)
Comestibles
 e - 2 bread rations {@e1}


   Skills:
 - Level 1.5 Fighting
 - Level 2.1 Short Blades
 - Level 2.0 Throwing
 - Level 1.5 Dodging
 + Level 6.1 Stealth


You couldn't memorise any spells.
You didn't know any spells.

Dungeon Overview and Level Annotations

Branches:
Dungeon (1/15)

Altars:


Innate Abilities, Weirdness & Mutations

You are very small and have problems with some larger weapons.
You are too small for most types of armour.
You have supernaturally acute eyesight. (SInv)
You are a herbivore.
You cover ground extremely quickly.
You need consume almost no food.


Message History

There is an open gate here.
You now have 10 gold pieces.
A rat comes into view.
A bat comes into view.
You hit the bat.
The bat is severely wounded.
The bat hits you but does no damage. The bat closely misses you.
You hit the bat but do no damage.
The bat is severely wounded.
The bat closely misses you.
You barely miss the bat.
The bat is severely wounded.
The bat barely misses you. The bat misses you.
You hit the bat.
You kill the bat!
Your Stealth skill increases to level 6!
A goblin comes into view.
The goblin shouts!
A kobold comes into view. It is wielding a club.
You closely miss the kobold.
The kobold shouts!
The kobold completely misses you. The goblin closely misses you.
You hit the kobold.
The kobold is moderately wounded.
The goblin completely misses you. The kobold misses you.
You hit the kobold but do no damage.
The kobold is moderately wounded.
The goblin barely misses you. The kobold hits you with a club.
You take 4 damage, and have 6/10 hp.
MASSIVE DAMAGE!!
You barely miss the kobold.
The kobold is moderately wounded.
The goblin barely misses you.
You hit the kobold.
The kobold is severely wounded.
The kobold hits you with a club.
Ouch! That really hurt!
* * * LOW HITPOINT WARNING * * *
The goblin misses you.
You take 5 damage, and have 1/10 hp.
MASSIVE DAMAGE!!
Found an escape hatch in the floor.
There is an escape hatch in the floor here.
e - 2 bread rations {@e1} (gained 1)
You now have 20 gold pieces (gained 10). 2 jackals come into view.
You see here 13 gold pieces.
You start resting.
HP restored.
Health restored: 10 You see here 13 gold pieces.
You now have 33 gold pieces (gained 13).
A jackal comes into view.
You see here 10 gold pieces.
You now have 43 gold pieces (gained 10).
The jackal barks!
A jackal comes into view.
The jackal barks!
The jackal closely misses you.
You hit the jackal.
You kill the jackal!
You hit the jackal but do no damage. The jackal closely misses you.
You completely miss the jackal. The jackal bites you.
The jackal closely misses you.
You take 2 damage, and have 8/10 hp.
You closely miss the jackal.
The jackal bites you but does no damage.
You hit the jackal but do no damage. The jackal bites you.
You take 3 damage, and have 5/10 hp.
MASSIVE DAMAGE!!
You hit the jackal but do no damage. The jackal barely misses you.
You barely miss the jackal. The jackal misses you. The jackal bites you.
* * * LOW HITPOINT WARNING * * *
You take 3 damage, and have 2/10 hp.
MASSIVE DAMAGE!!
You completely miss the jackal. The jackal closely misses you.
You hit the jackal but do no damage. The jackal barely misses you.
A goblin comes into view. It is wielding a club.
The goblin shouts!
A bat comes into view.
You open the door.
There is an open door here.
The bat hits you.
* * * LOW HITPOINT WARNING * * *
You take 1 damage, and have 1/10 hp.
You hit the bat.
The bat is moderately wounded.
The bat hits you but does no damage.
You closely miss the jackal. The jackal misses you. The bat closely misses you.
The bat hits you but does no damage. The bat misses you. The bat hits you.
* * * LOW HITPOINT WARNING * * *
You take 1 damage, and have 1/10 hp.
The bat hits you but does no damage. The bat completely misses you.
The bat barely misses you. The bat completely misses you.
The bat closely misses you. The bat completely misses you. The bat hits you.
You die... █.r... █..... █..... █....? █.....█ █████

█......
██...██
█......
██.....██
█......
█...@...██
█....Ψ.
█....█b...█
█......
█...███...█
███....
█... █h..█
████. █..
█.h.█


███████ █.. █...█.. █...... █. █...█.. █..K... █. █...█.. █....>. █h..██.
██...... You could see 2 jackals and a bat.

Vanquished Creatures
  A bat (D:1)
  A jackal (D:1)
2 creatures vanquished.

Notes
Turn   | Place    | Note
-------+----------+-------------------------------------------
     0 | D:1      | Goblin1989 the Spriggan Assassin began the quest for the Orb.
     0 | D:1      | Reached XP level 1. HP: 10/10 MP: 2/2
    43 | D:1      | Reached skill level 6 in Stealth
   434 | D:1      | Slain by a bat

Vault maps used:
D:1:      lemuel_arrival_funnel, serial_glass, glass_columns_a, glass_columns_c,
          glass_columns_b, glass_columns_a, solitary_fountain, nrook_uturn

Skill      XL: |  1 |
---------------+----+-----
Stealth        | 6 |  6.1
Fighting       | |  1.5
Short Blades   | |  2.1
Throwing       | |  2.0
Dodging        | |  1.5

Action                   || total
-------------------------++-------
Melee: Dagger            ||    20
Armor: Robe              ||     5
Dodge: Dodged            ||    26

Vault maps used:
D:1:      lemuel_arrival_funnel, serial_glass, glass_columns_a, glass_columns_c,
          glass_columns_b, glass_columns_a, solitary_fountain, nrook_uturn
